Map: Coda LE (Void)

Players

Geiko - Winner!

  • Race: Protoss Protoss

NightEnD

  • Race: Protoss Protoss

VOD

Have the link to the VOD?

Description

Time

  • Played on: May 2, 2015, 2:36 p.m.
  • Length: 5:45
Show
View Real Time Build Order
Export as new Build Order

Geiko Protoss - Winner!

Build Orders: 4 Gate Adept, Mass Adepts 

Get SALT Encoding   

  12  0:08  Pylon  
  12  0:13  Probe  
  13  0:27  Gateway  
  13  0:31  Probe (Chrono Boost)  
  14  0:41  Probe (Chrono Boost), Assimilator  
  15  0:48  Probe  
  16  1:00  Probe  
  16  1:01  Gateway  
  17  1:13  Probe  
  17  1:17  Cybernetics Core  
  18  1:24  Zealot  
  20  1:28  Probe  
  21  1:40  Probe  
  21  1:44  Pylon  
  22  1:53  Warp Gate (Chrono Boost)  
  22  2:03  Adept x2  
  22  2:04  Probe  
  27  2:26  Twilight Council  
  27  2:29  Gateway  
  27  2:30  Gateway  
  27  2:36  Probe  
  28  2:55  Pylon  
  28  3:07  Probe  
  29  3:27  Stalker  
  29  3:28  Adept  
  29  3:29  Zealot x2  
  37  3:35  Pylon  
  37  3:38  Probe  
  38  3:52  Shield Upgrade (Chrono Boost)  
  38  3:54  Adept x3  
  44  4:10  Adept  
  44  4:14  Pylon  
  44  4:16  Pylon  
  46  4:32  Adept x3  
  52  4:39  Adept  
  46  5:01  Adept  
  46  5:02  Adept, Zealot x2  
  42  5:22  Adept x2  
  42  5:23  Adept, Zealot  
Show
View Real Time Build Order
Export as new Build Order

NightEnD Protoss 

Build Orders: Mass Adepts 

Get SALT Encoding   

  12  0:01  Probe  
  13  0:15  Pylon  
  13  0:18  Probe  
  14  0:33  Probe (Chrono Boost)  
  15  0:36  Gateway  
  16  0:43  Probe (Chrono Boost)  
  16  0:45  Assimilator  
  17  0:50  Probe  
  17  0:57  Assimilator  
  17  1:02  Probe (Chrono Boost)  
  18  1:07  Pylon  
  18  1:14  Probe (Chrono Boost)  
  19  1:23  Probe (Chrono Boost)  
  20  1:31  Probe  
  21  1:44  Probe  
  22  1:59  Cybernetics Core  
  22  2:09  Gateway  
  22  2:10  Assimilator  
  22  2:13  Zealot  
  24  2:16  Pylon  
  24  2:17  Probe  
  25  2:29  Probe  
  26  2:35  Warp Gate (Chrono Boost)  
  26  2:40  Adept (Chrono Boost)  
  28  2:45  Mothership Core (Chrono Boost)  
  30  2:52  Gateway  
  30  2:53  Gateway  
  30  3:01  Adept (Chrono Boost)  
  32  3:14  Adept (Chrono Boost)  
  32  3:21  Adept  
  34  3:30  Pylon  
  34  3:39  Adept, Robotics Facility  
  36  3:58  Pylon  
  36  4:18  Probe  
  37  4:26  Adept x4  
  37  4:30  Probe  
  46  4:32  Observer (Chrono Boost)  
  47  4:42  Probe  
  48  4:47  Adept x3  
  52  4:54  Adept  
  44  5:04  Adept  
  40  5:08  Adept x2  
  38  5:17  Adept  
  35  5:22  Adept  
  35  5:28  Adept  
  35  5:30  Adept  
  33  5:41  Adept  
Tags
 
Add a new tag
Caveats
  • Supply blocks, unpowered buildings, or Contaminate may cause inaccurate times.
  • Supply counts are checked every 10 seconds.